 Dungeon Crawl Stone Soup version 0.20.0-7-g3b7b877 (webtiles) character file.

122 Kisielow the Slasher (level 4, -1/40 HPs)
             Began as a Minotaur Fighter on May 29, 2017.
             Killed by nerve-wracking pain
             ... invoked by an orc priest
              (13 damage)
             ... on level 3 of the Dungeon.
             The game lasted 00:02:53 (1544 turns).

Kisielow the Slasher (Minotaur Fighter)             Turns: 1544, Time: 00:02:54

Health: -1/40      AC:  7    Str: 22    XL:     4   Next: 78%
Magic:  3/3        EV:  5    Int:  5    God:
Gold:   145        SH: 14    Dex:  9    Spells: 3/3 levels left

rFire    . . .     SeeInvis .   a - +0 long sword
rCold    . . .     Gourm    .   u - +0 large shield
rNeg     . . .     Faith    .   b - +0 scale mail
rPois    .         Spirit   .   (helmet restricted)
rElec    .         Reflect  .   (no cloak)
rCorr    .         Harm     .   (no gloves)
MR       .....                  (no boots)
Stlth    ..........             (no amulet)
Regen    0.2/turn               (no ring)
MPRegen  0.1/turn               (no ring)

@: no status effects
A: retaliatory headbutt, horns 2
a: no special abilities


You were on level 3 of the Dungeon.
You were not hungry.

You visited 1 branch of the dungeon, and saw 3 of its levels.

You collected 145 gold pieces.

Inventory:

Hand Weapons
 a - a +0 long sword (weapon)
Armour
 b - a +0 scale mail (worn)
 u - a +0 large shield (worn)
Scrolls
 e - a scroll of recharging {unknown}
 g - a scroll of blinking {unknown}
 h - 3 scrolls of remove curse {unknown}
 j - a scroll of fear {unknown}
 k - 2 scrolls of identify {unknown}
 l - 2 scrolls of teleportation {unknown}
 r - a scroll of immolation {unknown}
Potions
 d - a potion of might
 i - a potion of cancellation {unknown}
 n - 3 potions of magic {unknown}
 p - a potion of degeneration {unknown}
 s - a potion of heal wounds {unknown}
 t - a potion of curing {unknown}
Comestibles
 c - a royal jelly
 f - a bread ration
 m - 3 meat rations
 o - 5 fruits
 q - a chunk of flesh


   Skills:
 + Level 3.8 Fighting
 * Level 5.5 Long Blades
 + Level 4.1 Armour
 + Level 3.8 Shields


You had 3 spell levels left.
You didn't know any spells.

Dungeon Overview and Level Annotations

Branches:
Dungeon (3/15)

Altars:
Makhleb
Qazlal


Innate Abilities, Weirdness & Mutations

You reflexively headbutt those who attack you in melee.
You have a pair of horns on your head.


Message History

a hand axe; a scroll labeled ZEPYMIHUNE; a purple potion; an orc corpse You are too injured to fight recklessly!
An orc priest comes into view. It is wielding a hand axe.
The orc priest shouts!
Things that are here:
a hand axe; a scale mail; an orc corpse
Things that are here:
a mace; a leather armour; a scroll labeled IPNUGY LEPNOPA You block the orc wizard's attack.
You block the goblin's attack. The orc wizard casts a spell at you.
The magic dart hits you!
* * * LOW HITPOINT WARNING * * *
You hit the goblin but do no damage. You block the goblin's attack.
The orc wizard casts a cantrip, but nothing happens.
You slash the goblin!
You kill the goblin!
You block the orc wizard's attack.
The orc priest calls down the wrath of Beogh upon you.
Pain shoots through your body!
You die...

#........# ##.# #.
##........# ... ####.
#...##....####.### #....
..[...............###....
...............# ........
.......†.....# #....
.......).)...# #..<(
.......o)†#..# #.)..
#(..##.o@##..#### #....
### ###........#####....
#.###........#.... #.#
###.####....## #.# #.##
####..# ... #..# ##.# ...
##.## #.. ... ##..####
##. ..... #.[....# #.


You could see an orc priest and an orc wizard.

Vanquished Creatures
  An orc wizard (D:3)
  3 adders (D:2)
  An ooze (D:2)
  2 worms (D:2)
  2 leopard geckos
  4 orcs (D:3)
  A ball python (D:1)
  A bat (D:1)
  4 giant cockroaches
  7 goblins
  2 hobgoblins (D:1)
  7 jackals (D:1)
  A quokka (D:2)
  4 frilled lizards
  10 kobolds
  3 rats
53 creatures vanquished.

Notes
Turn   | Place    | Note
-------+----------+-------------------------------------------
     0 | D:1      | Kisielow the Minotaur Fighter began the quest for the Orb.
     0 | D:1      | Reached XP level 1. HP: 19/19 MP: 0/0
   176 | D:1      | Reached skill level 3 in Long Blades
   194 | D:1      | Reached XP level 2. HP: 22/26 MP: 1/1
   504 | D:1      | Reached skill level 4 in Long Blades
   572 | D:1      | Reached XP level 3. HP: 28/31 MP: 2/2
   842 | D:2      | Found a stormy altar of Qazlal.
  1032 | D:2      | Reached skill level 5 in Long Blades
  1140 | D:2      | Reached XP level 4. HP: 33/40 MP: 3/3
  1306 | D:2      | Found a burning altar of Makhleb.
  1306 | D:2      | Noticed a cacodemon
  1309 | D:2      | Noticed an orange demon
  1309 | D:2      | Noticed a smoke demon
  1544 | D:3      | Killed from afar by an orc priest

Skill      XL: |  1  2  3  4 |
---------------+-------------+-----
Long Blades    | 3 4 5 |  5.5
Armour         | 4 |  4.1
Fighting       | |  3.8
Shields        | |  3.8

Action                   |  1- 3 |  4- 6 || total
-------------------------+-------+-------++-------
Melee: Long sword        |    86 |    35 ||   121
       Headbutt          |    11 |     3 ||    14
  Eat: Chunk             |     1 |     1 ||     2
Armor: Scale mail        |    33 |    16 ||    49
Dodge: Dodged            |    26 |     4 ||    30
Block: Shield            |    44 |     3 ||    47
       Large shield      |       |    21 ||    21
       Rpst.: Long sword |     5 |       ||     5
